 Dungeon Crawl Stone Soup version 0.21.0 (console) character file.

732 Kloppie the Skirmisher (level 7, -2/67 HPs)
             Began as a Minotaur Fighter on Jan 7, 2018.
             Slain by an ogre
             ... wielding a +0 giant spiked club
              (12 damage)
             ... on level 5 of the Dungeon.
             The game lasted 00:04:33 (4344 turns).

Kloppie the Skirmisher (Minotaur Fighter)           Turns: 4344, Time: 00:04:34

Health: -2/67      AC: 10    Str: 22    XL:     7   Next: 45%
Magic:  6/6        EV:  5    Int:  5    God:
Gold:   298        SH:  9    Dex: 10    Spells: 6/6 levels left

rFire    . . .     SeeInvis .   a - +0 war axe
rCold    . . .     Gourm    .   c - +0 shield
rNeg     . . .     Faith    .   l - +0 chain mail
rPois    .         Spirit   .   (helmet restricted)
rElec    .         Reflect  .   (no cloak)
rCorr    .         Harm     .   s - +0 pair of gloves
MR       .....                  (no boots)
Stlth    ..........             (no amulet)
HPRegen  0.21/turn              (no ring)
MPRegen  0.10/turn              (no ring)

@: no status effects
A: retaliatory headbutt, horns 2
a: no special abilities


You were on level 5 of the Dungeon.
You were not hungry.

You visited 1 branch of the dungeon, and saw 5 of its levels.

You collected 298 gold pieces.

Inventory:

Hand Weapons
 a - a +0 war axe (weapon)
Armour
 c - a +0 shield (worn)
 l - a +0 chain mail (worn)
 s - a +0 pair of gloves (worn)
Jewellery
 g - a +5 ring of evasion {unknown}
 n - a cursed ring of teleportation {unknown}
 o - an uncursed ring of protection from fire {unknown}
 q - an uncursed ring of protection from cold {unknown}
 r - a +2 ring of intelligence {unknown}
 u - a cursed -4 ring of protection {unknown}
 w - an uncursed amulet of the gourmand {unknown}
Wands
 B - a wand of disintegration (5)
Scrolls
 b - 2 scrolls of remove curse {unknown}
 j - a scroll of blinking {unknown}
 m - 5 scrolls of identify {unknown}
 t - a scroll of fog {unknown}
 x - a scroll of immolation {unknown}
 y - a scroll of enchant armour {unknown}
 A - a scroll of amnesia {unknown}
Potions
 d - 3 potions of might
 e - a potion of heal wounds {unknown}
 h - a potion of invisibility {unknown}
 i - 2 potions of magic {unknown}
 k - a potion of mutation {unknown}
 p - 2 potions of curing {unknown}
 v - a potion of agility
 z - a potion of degeneration {unknown}
Comestibles
 f - 14 rations
 C - 3 chunks of flesh


   Skills:
 + Level 7.9 Fighting
 + Level 7.4 Axes
 - Level 3.6 Armour
 - Level 3.6 Shields


You had 6 spell levels left.
You didn't know any spells.

Dungeon Overview and Level Annotations

Branches:
Dungeon (5/15)
 Temple: D:4-7

Altars:
Cheibriados
Kikubaaqudgha
Nemelex Xobeh
Okawaru
Sif Muna
Trog
Uskayaw
Xom

Annotations:
D:5 1 runed door


Innate Abilities, Weirdness & Mutations

You reflexively headbutt those who attack you in melee.
You have a pair of horns on your head.


Message History

You hit the ogre.
The ogre is lightly wounded.
The ogre hits you with a giant spiked club.
* * * LOW HITPOINT WARNING * * *
You are too injured to fight recklessly!
You are too injured to fight recklessly!
You slash the ogre!
The ogre is severely wounded.
You block the ogre's attack.
You barely miss the ogre.
You headbutt the ogre, but do no damage.
The ogre is severely wounded.
You closely miss the ogre. Your headbutt misses the ogre.
The ogre is severely wounded.
The ogre hits you with a giant spiked club!!
* * * LOW HITPOINT WARNING * * *
You barely miss the ogre. You headbutt the ogre.
The ogre is severely wounded.
The ogre hits you with a giant spiked club!
You die...

......# ♣♣...♣ #.. +......#
#......# ♣♣.♣♣ #.. ##..)...#
#......# ♣♣.♣ #.. #.....$# ♣.♣♣
#.. #......# ♣♣.♣ ##. #......#
♣.♣♣ ## #### #......# #+# # ...##
#...O..## # ....## #...@...#
.....############...# ###
#....##.....# #....# #..
##...##.....# #....# #..
y#..........# #....###########.[
##...##.....# #.................
#....##.....# #.....#######.##.#
.....#......# #.....#####....#.#
....##......####..)......#.#..#..


You could see an ogre.

Vanquished Creatures
  2 scorpions (D:5)
  The ghost of Garrluk the Firebug, a weakling DEFE (D:3)
  4 orc priests
  4 hounds
  An orc wizard (D:5)
  A bullfrog skeleton (D:5)
  An iguana (D:4)
  2 worker ants (D:4)
  2 hound skeletons (D:5)
  A hound zombie (D:5)
  6 adders
  A shadow imp (D:5)
  2 oozes
  5 worms
  4 dart slugs
  2 leopard geckos
  9 orcs
  3 giant cockroaches
  2 hobgoblins
  15 jackals
  5 quokkas
  9 bats
  3 frilled lizards
  6 goblins
  12 kobolds
  9 rats
112 creatures vanquished.

Notes
Turn   | Place    | Note
-------+----------+-------------------------------------------
     0 | D:1      | Kloppie the Minotaur Fighter began the quest for the Orb.
     0 | D:1      | Reached XP level 1. HP: 19/19 MP: 0/0
   126 | D:1      | Reached XP level 2. HP: 27/27 MP: 1/1
   737 | D:2      | Found a shimmering altar of Xom.
   737 | D:2      | Found an ancient bone altar of Kikubaaqudgha.
   789 | D:2      | Reached XP level 3. HP: 31/34 MP: 2/2
   924 | D:2      | Reached XP level 4. HP: 15/41 MP: 3/3
  1054 | D:2      | Reached skill level 5 in Fighting
  1113 | D:2      | Found an iron altar of Okawaru.
  1361 | D:3      | Found a hide-covered altar of Uskayaw.
  1651 | D:3      | Noticed Garrluk's ghost (weakling DEFE)
  1655 | D:3      | Killed Garrluk's ghost
  1655 | D:3      | Reached XP level 5. HP: 49/49 MP: 4/4
  2196 | D:4      | Reached skill level 5 in Axes
  2623 | D:4      | Reached XP level 6. HP: 42/57 MP: 5/5
  3146 | D:4      | Found a snail-covered altar of Cheibriados.
  3197 | D:4      | Found a deep blue altar of Sif Muna.
  3496 | D:5      | Entered Level 5 of the Dungeon
  3553 | D:5      | Noticed an ice beast
  3617 | D:5      | Found a runed door.
  3931 | D:5      | Found a sparkling altar of Nemelex Xobeh.
  3984 | D:5      | Reached XP level 7. HP: 63/66 MP: 6/6
  4268 | D:5      | Noticed a moth of wrath
  4271 | D:5      | Found a bloodstained altar of Trog.
  4344 | D:5      | Slain by an ogre

Skill      XL: |  1  2  3  4  5  6  7 |
---------------+----------------------+-----
Fighting       | 4 5 6 7 |  7.9
Axes           | 3 4 5 6 7 |  7.4
Armour         | |  3.6
Shields        | |  3.6

Action                   |  1- 3 |  4- 6 |  7- 9 || total
-------------------------+-------+-------+-------++-------
Melee: War axe           |    71 |   154 |    35 ||   260
       Headbutt          |    11 |    23 |     3 ||    37
  Use: Potion            |       |       |     1 ||     1
  Eat: Chunk             |       |    10 |     1 ||    11
Armor: Scale mail        |    34 |       |       ||    34
       Chain mail        |       |   102 |    17 ||   119
Dodge: Dodged            |    28 |    36 |     8 ||    72
Block: Shield            |    44 |    81 |    19 ||   144
